 Dungeon Crawl Stone Soup version 0.28-a0-268-g3f656e82c2 (webtiles) character file.

Game seed: 17547089554339645792

36 frimble the Covered (level 3, 0/42 HPs)
             Began as a Gnoll Wanderer on Aug 29, 2021.
             Slain by an orc (2 damage)
             ... on level 2 of the Dungeon.
             The game lasted 00:00:58 (1080 turns).

frimble the Covered (Gnoll Wanderer)                Turns: 1080, Time: 00:00:59

Health: 0/42       AC:  6    Str: 11    XL:     3   Next: 37%
Magic:  7/7        EV: 10    Int: 13    God:
Gold:   34         SH:  0    Dex: 10    Spells: 7/7 levels left

rFire   . . .      SeeInvis .   e - +0 dagger (drain)
rCold   . . .      Faith    .   (no shield)
rNeg    + . .      Spirit   .   c - +0 ring mail
rPois   .          Reflect  .   (no helmet)
rElec   .          Harm     .   (no cloak)
rCorr   .          Rampage  .   (no gloves)
Will    .....                   (no boots)
Stlth   ..........              (no amulet)
HPRegen 0.14/turn               k - ring of positive energy
MPRegen 0.10/turn               (no ring)

@: berserking (expiring), very quick
A: fangs 1, strong nose, distributed training
a: no special abilities


You were on level 2 of the Dungeon.
You visited 1 branch of the dungeon, and saw 2 of its levels.

You collected 34 gold pieces.

Inventory:

Hand Weapons
 a - a +2 hand axe
 e - a +0 dagger of draining (weapon)
Armour
 c - a +0 ring mail (worn)
Jewellery
 k - a ring of positive energy (left hand)
Scrolls
 d - a scroll of magic mapping
Potions
 b - a potion of curing
 j - a potion of lignification {unknown}


   Skills:
 + Level 2.6 Fighting
 + Level 0.7 Short Blades
 + Level 0.7 Long Blades
 + Level 2.6 Axes
 + Level 0.7 Maces & Flails
 + Level 0.7 Polearms
 + Level 0.7 Staves
 + Level 0.7 Slings
 + Level 0.7 Bows
 + Level 0.7 Crossbows
 + Level 4.5 Throwing
 + Level 6.5 Armour
 + Level 0.7 Dodging
 + Level 0.7 Stealth
 + Level 0.7 Shields
 + Level 0.7 Unarmed Combat
 + Level 2.8 Spellcasting
 + Level 3.7 Conjurations
 + Level 0.5 Hexes
 + Level 0.5 Summonings
 + Level 0.5 Necromancy
 + Level 0.5 Translocations
 + Level 0.5 Transmutations
 + Level 0.5 Fire Magic
 + Level 0.5 Ice Magic
 + Level 0.5 Air Magic
 + Level 0.5 Earth Magic
 + Level 0.5 Poison Magic
 + Level 0.9 Invocations
 + Level 0.7 Evocations


You had 7 spell levels left.
You didn't know any spells.
Your spell library was empty.

Dungeon Overview and Level Annotations

Branches:
Dungeon (2/15)

Altars:


Innate Abilities, Weirdness & Mutations

You have very sharp teeth.
Your uncanny sense of smell can sniff out nearby items.
Your experience applies equally to all skills.


Message History

The quokka bites you but does no damage.
You closely miss the orc priest. You bite the orc priest.
The orc priest is moderately wounded.
The orc priest hits you but does no damage.
The quokka completely misses you.
You closely miss the orc priest. Your bite misses the orc priest.
The orc priest is moderately wounded.
The orc priest mumbles some strange prayers to Beogh against you.
Beogh smites you!
Ouch! That really hurt!
* * * LOW HITPOINT WARNING * * *
You hit the orc priest.
The orc priest is severely wounded.
The quokka bites you but does no damage.
You closely miss the orc priest.
The orc priest is severely wounded.
The quokka closely misses you.
You closely miss the orc priest.
The orc priest is severely wounded.
The orc priest hits you but does no damage.
The quokka bites you but does no damage.
You closely miss the orc priest.
The orc priest is severely wounded.
An orc comes into view. It is wielding a +0 short sword.
The orc shouts!
You hit the orc priest. You bite the orc priest.
You kill the orc priest!
The quokka bites you but does no damage.
Your life force feels restored.
You have reached level 2!
You have reached level 3!
Your experience leads to an increase in your attributes!
Increase (S)trength, (I)ntelligence, or (D)exterity?
You feel clever.
You are too berserk!
Unknown command.
You are too berserk!
Unknown command.
The orc hits you with a +0 flail.
You die...

....... ∆ .......
.o.?... #∆ #..... .#
##.....#+#+#.# ....
.............# #..#
......r).....# #..#
#.......o......# #..
...#####@.....## #.>
..# #........ #.# #.#
#.....### #.#
#.#####.....#
#.#######........####
#................#
#..........†.....#
#.........########
#.#.....#.#


You could see 2 orcs and a quokka.

Vanquished Creatures
  An orc priest (D:2)
  An endoplasm (D:1)
  A giant cockroach (D:1)
  A kobold (D:2)
  A bat (D:1)
  2 frilled lizards
7 creatures vanquished.

Notes
Turn   | Place    | Note
-------+----------+-------------------------------------------
     0 | D:1      | frimble the Gnoll Wanderer began the quest for the Orb.
     0 | D:1      | frimble set off with the following items: a +2 hand axe, a
                  | potion of curing, a +0 ring mail
     0 | D:1      | Reached XP level 1. HP: 17/17 MP: 4/4
   314 | D:1      | Found a faded altar of an unknown god.
  1067 | D:2      | Noticed an orc priest
  1074 | D:2      | HP: 1/22 [orc priest/divine providence (13)]
  1079 | D:2      | Killed an orc priest
  1080 | D:2      | Reached XP level 2. HP: 2/23 MP: 5/5
  1080 | D:2      | Reached XP level 3. HP: 2/28 MP: 7/7
  1080 | D:2      | Slain by an orc

Illustrated notes

Levels and vault maps discovered:
D:1:      minmay_arrival_stair_chambers, layout_basic,
          shapermc_ecumenical_altar_venn, serial_corexii_hall,
          corexii_hall_statues_u, corexii_hall_statues_s,
          chequers_hall_statues_corner_a, corexii_hall_statues_s
D:2:      layout_basic

Action                   || total
-------------------------++-------
Melee: Hand axe          ||    17
       Dagger            ||     9
       Bite              ||     2
  Use: Scroll            ||     5
       Potion            ||     1
Armor: Ring mail         ||    11
Dodge: Dodged            ||     8

Table legend: (Time is in decaauts)
 A = Elapsed time spent in this place.
 B = Non-inter-level travel time spent in this place.
 C = Inter-level travel time spent in this place.
 D = Time resting spent in this place.
 E = Time spent auto-exploring this place.
 F = Levels seen in this place.
 G = Mean time per level.
                   A        B        C        D        E       F      G
               +--------+--------+--------+--------+--------+-----+--------+
         Total |   1079 |   1075 |      4 |     24 |    964 |   2 |  539.5 |
       Dungeon |   1079 |   1075 |      4 |     24 |    964 |   2 |  539.5 |
               +--------+--------+--------+--------+--------+-----+--------+

Top non-repeatable levels by time:
     D:1: 912 daAuts
     D:2: 167 daAuts
